 Dungeon Crawl Stone Soup version 0.26-a0-980-g0fe3eaa9ac (webtiles) character file.

Game seed: 15701069015288218396

46 siradein the Caller (level 3, -5/19 HPs)
             Began as a Kobold Summoner on Dec 5, 2020.
             Killed by divine providence
             ... invoked by an orc priest
              (13 damage)
             ... on level 3 of the Dungeon.
             The game lasted 00:08:14 (3417 turns).

siradein the Caller (Kobold Summoner)               Turns: 3417, Time: 00:08:14

Health: -5/19      AC:  2    Str:  5    XL:     3   Next: 92%
Magic:  1/7        EV: 15    Int: 17    God:
Gold:   181        SH:  0    Dex: 15    Spells: 2/8 levels left

rFire    . . .     SeeInvis .   (weapon restricted)
rCold    . . .     Faith    .   (shield restricted)
rNeg     . . .     Spirit   .   a - +0 robe
rPois    .         Reflect  .   (no helmet)
rElec    .         Harm     .   (no cloak)
rCorr    .         Rampage  .   (no gloves)
MR       .....                  (no boots)
Stlth    +++.......             (no amulet)
HPRegen  0.06/turn              (no ring)
MPRegen  0.10/turn              (no ring)

@: no status effects
A: small, nightstalker 3
a: no special abilities


You were on level 3 of the Dungeon.
You visited 1 branch of the dungeon, and saw 3 of its levels.

You collected 181 gold pieces.

Inventory:

Armour
 a - a +0 robe (worn)
Jewellery
 c - a +4 ring of slaying {unknown}
 i - an uncursed ring of resist corrosion {unknown}
Scrolls
 d - 2 scrolls of teleportation {unknown}
 e - a scroll of fog {unknown}
 f - a scroll of identify {unknown}
 h - 3 scrolls of remove curse {unknown}
 k - a scroll of amnesia {unknown}
 m - a scroll of enchant weapon {unknown}
Potions
 b - a potion of ambrosia {unknown}
 g - a potion of curing {unknown}
 j - a potion of berserk rage {unknown}
 l - 2 potions of attraction {unknown}


   Skills:
 - Level 2.4 Dodging
 - Level 2.6 Stealth
 + Level 3.2 Spellcasting
 + Level 4.6 Summonings


You had 2 spell levels left.
You knew the following spells:

 Your Spells              Type           Power        Failure   Level
a - Summon Small Mammal   Summ           ###.         2%          1
b - Call Imp              Summ           ###.....     3%          2
c - Call Canine Familiar  Summ           ###.....     8%          3

Your spell library contained the following spells:

 Spells                   Type           Power        Failure   Level
 Summon Guardian Golem    Hex/Summ       ##......     21%         3
 Summon Ice Beast         Ice/Summ       ##......     54%         4
 Summon Lightning Spire   Summ/Air       ##......     54%         4


Dungeon Overview and Level Annotations

Branches:
Dungeon (3/15)

Altars:


Innate Abilities, Weirdness & Mutations

You are small and have problems with some larger weapons.
You are completely attuned to the shadows.


Message History

Gang up on whom?
Press: ? - help, Dir - move target, f/p - orc
Aim: an orc, wielding a +0 flail Attack!
The orc hits you with a +0 flail.
Your crimson imp hits the orc.
The orc barely misses you.
Your crimson imp barely misses the orc.
The orc misses your crimson imp.
The orc completely misses your iron imp.
Your iron imp hits the orc.
Your crimson imp barely misses the orc.
The orc hits your iron imp but does no damage.
Your crimson imp barely misses the orc.
Your iron imp closely misses the orc.
The orc barely misses your iron imp.
An orc comes into view. It is wielding a +0 flail.
Your crimson imp hits the orc.
Your iron imp misses the orc.
Your crimson imp hits the orc.
Something misses your crimson imp. The orc completely misses you.
The orc priest mumbles some strange prayers to Beogh against you.
Beogh smites you!
Ouch! That really hurt!
You die...

............................##..#
........^........................
............................##..#
............................##...
..................o.........##..#
........... .....o..5o......##..#
.......... .......5........##..#
......... .....o..............#
.......... ....@............#..#
........... .................#...
...§.......(.....................
....................†............
............................##...
...........................[###.#
............................# #.#
............................###..
.................................


You could see an orc priest, 2 orcs, a friendly iron imp (summoned) and a
friendly crimson imp (summoned).

Vanquished Creatures (collateral kills)
  3 adders
  A worm (D:2)
  3 dart slugs
  2 leopard geckos (D:2)
  An orc (D:3)
  2 giant cockroaches (D:1)
  5 goblins
  4 hobgoblins
  A quokka (D:2)
  3 ball pythons
  3 bats
  A frilled lizard (D:2)
  6 kobolds
  5 rats
40 creatures vanquished.

Vanquished Creatures (others)
  2 plants (D:1)
2 creatures vanquished.

Grand Total: 42 creatures vanquished

Notes
Turn   | Place    | Note
-------+----------+-------------------------------------------
     0 | D:1      | siradein the Kobold Summoner began the quest for the Orb.
     0 | D:1      | Reached XP level 1. HP: 10/10 MP: 3/3
   795 | D:1      | Reached XP level 2. HP: 15/15 MP: 2/5
   895 | D:1      | Learned a level 2 spell: Call Imp
  1801 | D:2      | Reached XP level 3. HP: 19/19 MP: 1/7
  1951 | D:2      | Learned a level 3 spell: Call Canine Familiar
  3417 | D:3      | Killed from afar by an orc priest

Illustrated notes

Levels and vault maps discovered:
D:1:      ncdulo_smallfort, layout_rooms, serial_forest, infiniplex_forest_join,
          infiniplex_forest_corner_2, infiniplex_forest_lined_corner,
          infiniplex_forest_straight_1, infiniplex_forest_straight_3,
          infiniplex_forest_clump_tiny, infiniplex_forest_straight_3,
          infiniplex_forest_end_1, kennysheep_small_spiral, minivault_5,
          minmay_shallow_snake_nest
D:2:      layout_basic
D:3:      layout_basic

Skill      XL: |  1  2  3 |
---------------+----------+-----
Spellcasting   | 3 |  3.2
Dodging        | |  2.4
Stealth        | |  2.6
Summonings     | |  4.6

Action                   || total
-------------------------++-------
 Cast: Summon Small Mamm ||    26
       Call Imp          ||    45
Armor: Robe              ||     9
Dodge: Dodged            ||    56

Table legend: (Time is in decaauts)
 A = Elapsed time spent in this place.
 B = Non-inter-level travel time spent in this place.
 C = Inter-level travel time spent in this place.
 D = Time resting spent in this place.
 E = Time spent auto-exploring this place.
 F = Levels seen in this place.
 G = Mean time per level.
                   A        B        C        D        E       F      G
               +--------+--------+--------+--------+--------+-----+--------+
         Total |   3416 |   3353 |     63 |      0 |   2808 |   3 | 1138.7 |
       Dungeon |   3416 |   3353 |     63 |      0 |   2808 |   3 | 1138.7 |
               +--------+--------+--------+--------+--------+-----+--------+

Top non-repeatable levels by time:
     D:2: 1464 daAuts
     D:1: 1295 daAuts
     D:3: 656 daAuts
